 Dungeon Crawl Stone Soup version 0.32-a0-685-g93135e86f0 (webtiles) character file.

Game seed: 13751026504306274370

921 kae the Carver (level 8, -4/56 HPs)
             Began as a Coglin Gladiator on Mar 12, 2024.
             Killed from afar by an orc wizard (7 damage)
             ... with a puff of flame
             ... on level 6 of the Dungeon.
             The game lasted 00:02:56 (4586 turns).

kae the Carver (Coglin Gladiator)                   Turns: 4586, Time: 00:02:57

Health: -4/56      AC:  2    Str: 15    XL:     8   Next: 10%
Magic:  8/8        EV: 12    Int:  7    God:
Gold:   178        SH:  0    Dex: 18    Spells: 7/7 levels left

rFire   . . .        a - +1 long sword (flame) {Akhenaten}
rCold   . . .        t - +2 rapier of Wrongful Imprisonment {vamp, rPois Will+}
rNeg    . . .        b - +0 leather armour
rPois   +            c - +0 helmet
rElec   .            C - +1 cloak
rCorr   .            (no gloves)
SInv    .            (no boots)
Will    +....        (amulet unavailable)
Stlth   +            (ring unavailable)
HPRegen 0.29/turn    (ring unavailable)
MPRegen 0.11/turn    (no gizmo)

%: no passive effects
@: corroded, revved
A: off-hand wielding, slow wielding, warmup strikes, no jewellery
a: Invent Gizmo


You were on level 6 of the Dungeon.
You visited 2 branches of the dungeon, and saw 7 of its levels.

You collected 262 gold pieces.
You spent 84 gold pieces at shops.


Innate Abilities, Weirdness & Mutations

You can wield a second weapon in your off-hand.
It takes a long time for you to wield or remove held weapons.
Your first few attacks do less damage.
You cannot equip rings or amulets.


   Skills:
 - Level 2.0 Fighting
 + Level 9.5 Long Blades
 - Level 1.7 Throwing
 - Level 2.6 Dodging


You had 7 spell levels left.
You didn't know any spells.
Your spell library contained the following spells:

 Spells                   Type           Power      Damage    Failure   Level
 Kiss of Death            Conj/Necr      0%         2d5       50%         1
 Blink                    Tloc           0%         N/A       65%         2
 Lesser Beckoning         Tloc           0%         N/A       65%         2
 Momentum Strike          Conj/Tloc      0%         3d8       65%         2
 Scorch                   Fire           0%         2d5       65%         2
 Confusing Touch          Hex            0%         N/A       86%         3
 Stone Arrow              Conj/Erth      0%         3d7       86%         3
 Animate Armour           Summ/Erth      0%         N/A       99%         4
 Animate Dead             Necr           0%         N/A       99%         4
 Dispel Undead            Necr           0%         3d6       99%         4
 Flame Wave               Conj/Fire      0%         2d4       99%         4
 Summon Cactus Giant      Summ           0%         N/A       100%        6
 Haunt                    Necr/Summ      0%         N/A       100%        7
 Infestation              Necr           0%         N/A       100%        8
 Lehudib's Crystal Spear  Conj/Erth      0%         10d2      100%        8

Inventory:

Hand Weapons
 a - a +1 long sword of flaming (weapon) {Akhenaten}
 f - a +0 dagger {Anan}
 t - the +2 rapier of Wrongful Imprisonment (offhand) {vamp, rPois Will+}
   (You found it on level 2 of the Dungeon)

   rPois:     It protects you from poison.
   Will+:     It increases your willpower.
Missiles
 d - 3 throwing nets (quivered) {=f!f}
 e - a javelin
 i - 29 poisoned darts
 k - 36 stones
 n - 5 boomerangs
Armour
 b - a +0 leather armour (worn)
 c - a +0 helmet (worn)
 C - a +1 cloak (worn)
   (You took it off Crazy Yiuf on level 3 of the Dungeon)
Magical Staves
 u - a staff of fire {!a}
   (You found it on level 3 of the Dungeon)
Jewellery
 D - a ring of willpower
   (You found it on level 4 of the Dungeon)
 F - a ring of protection from fire
   (You found it on level 2 of the Dungeon)
Wands
 A - a wand of flame (5)
   (You took it off Ijyb on level 3 of the Dungeon)
Scrolls
 g - a scroll of teleportation {@r4}
 p - a scroll of vulnerability {!r!r}
 q - a scroll of poison
 y - a scroll of brand weapon
Potions
 h - a potion of brilliance
 j - 3 potions of heal wounds {@q2}
 l - a potion of berserk rage {unknown}
 m - 2 potions of curing {unknown}
 s - 2 potions of lignification {!q}
 v - a potion of magic
 w - a potion of degeneration {!q}
 x - a potion of haste {@q3}
 B - a potion of mutation {unknown}
 G - a potion of attraction {unknown}

Dungeon Overview and Level Annotations

Branches:
Dungeon (6/15) Zot: 26885  Temple (1/1) D:5 Zot: 5998

Altars:
Ashenzari
Cheibriados
Elyvilon
Fedhas
Gozag
Hepliaklqana
Makhleb
Nemelex Xobeh
Qazlal
Ru
Sif Muna
Uskayaw
Vehumet
Wu Jian
Xom
Yredelemnul
Zin
The Shining One

Shops:
D:3

!
#.##.......#########.#
#.##.#......< #.#
#.......##### #..
#.##.#..# ###
#.......# ###
#.##...## #.. #.###..#
#.# #$.$).)# #.#
#####@## #.# #{# #.#
#.# #.# #.# #.. #.#
### #.# #.. ###


There were no monsters in sight!


Message History

There are monsters nearby!
You hit the orc with your +1 long sword of flaming.
You burn the orc.
You puncture the orc with the +2 rapier of Wrongful Imprisonment!
You kill the orc!
You hit the jelly with the +2 rapier of Wrongful Imprisonment.
Your graspers burn!
You hit the jelly with your +1 long sword of flaming.
You burn the jelly.
Your graspers burn!
The orc priest calls down the wrath of Beogh upon you.
Beogh smites you! The jelly closely misses you.
The orc priest shouts, "The Pantheon deserves no one's loyalty.
Let us show you the true path!" (press Y on the ability menu to convert to Beogh) 😮 HP[-21]
You take 21 damage, and now have 35/56 hp.
MASSIVE DAMAGE!! (PAUSE)
You hit the jelly with your +1 long sword of flaming.
You burn the jelly. The acid corrodes you!
Your graspers burn!
You hit the jelly but do no damage.
Your graspers burn!
The jelly hits you.
You are splashed with acid.
* * * LOW HITPOINT WARNING * * *
😨 HP[-11]
You take 11 damage, and now have 24/56 hp.
You puncture the jelly with the +2 rapier of Wrongful Imprisonment!
You feel better.
You kill the jelly! 😨 HP[+2]
You regained 2 hp, and now have 26/56 hp.
Unknown command.
You hit the orc priest but do no damage. x2
The orc wizard casts a spell.
The orc wizard flickers and vanishes!
Deactivating autopickup; reactivate with Ctrl-A. 😨 HP[+1]
The orc priest closely misses you.
You see here a +0 club.
You barely miss the orc priest with your +1 long sword of flaming.
You hit the orc priest but do no damage.
Something hits you.
* * * LOW HITPOINT WARNING * * *
The orc priest hits you with a +0 short sword.
* * * LOW HITPOINT WARNING * * *
😨 HP[-4]
You take 4 damage, and now have 23/56 hp.
You closely miss the orc priest with the +2 rapier of Wrongful Imprisonment.
You closely miss the orc priest with your +1 long sword of flaming.
The orc priest barely misses you. Something hits you.
* * * LOW HITPOINT WARNING * * *
😨 HP[-1]
You take 1 damage, and now have 22/56 hp.
You hit the orc priest with your +1 long sword of flaming.
You burn the orc priest.
You hit the orc priest but do no damage.
The orc priest shouts, "Beogh offers mercy even to people such as you.
Join us and be reborn!"
You hear some strange, mumbled words.
A magic dart appears from out of thin air!
The magic dart hits you.
* * * LOW HITPOINT WARNING * * *
The orc priest hits you with a +0 short sword.
* * * LOW HITPOINT WARNING * * *
Unknown command. 😱 HP[-8]
You take 8 damage, and now have 14/56 hp.
You hit the orc priest with the +2 rapier of Wrongful Imprisonment.
You feel better.
You slash the orc priest with your +1 long sword of flaming!
You burn the orc priest.
You kill the orc priest!
You hear some strange, mumbled words.
A magic dart appears from out of thin air!
The magic dart hits you!
* * * LOW HITPOINT WARNING * * *
😱 HP[-7]
You take 7 damage, and now have 7/56 hp.
You hit something but do no damage. x2
Unknown command.
You barely miss something with your +1 long sword of flaming.
You barely miss something with the +2 rapier of Wrongful Imprisonment.
Something hits you.
* * * LOW HITPOINT WARNING * * *
😱 HP[-3]
You take 3 damage, and now have 4/56 hp.
You hit something with your +1 long sword of flaming.
You burn something. You hit something but do no damage.
You hear some strange, mumbled words.
Something tries to affect you, but you resist. 😱 HP[+1]
You hit something but do no damage.
You slash something with your +1 long sword of flaming!
You burn something. Something hits you.
* * * LOW HITPOINT WARNING * * *
😱 HP[-2]
You take 2 damage, and now have 3/56 hp.
Unknown command.
You barely miss something with your +1 long sword of flaming.
You closely miss something with the +2 rapier of Wrongful Imprisonment.
You hear some strange, mumbled words.
A puff of flame appears from out of thin air!
The puff of flame hits you!
You die...

Skill      XL: |  1  2  3  4  5  6  7 |
---------------+----------------------+-----
Long Blades    | 4 5 6 7 9 |  9.5
Fighting       | |  2.0
Throwing       | |  1.7
Dodging        | |  2.6

Action                     |  1- 3 |  4- 6 |  7- 9 || total
---------------------------+-------+-------+-------++-------
  Melee: Long sword        |    81 |   103 |    60 ||   244
         Dagger            |    72 |    12 |       ||    84
         Rapier            |       |    82 |    59 ||   141
    Use: Scroll            |     1 |    12 |       ||    13
   Stab: Sleeping          |     1 |     1 |       ||     2
 Armour: Leather armour    |    41 |    63 |    28 ||   132
  Dodge: Dodged            |    45 |    60 |    28 ||   133

Levels and vault maps discovered:
D:1:      minmay_arrival_three_doors, layout_basic
D:2:      layout_rooms, hellmonk_ecumenical_altar_zigzags, basic_altar
D:3:      layout_rooms, serial_shops, shop, uniq_ijyb, uniq_crazy_yiuf_cottage
D:4:      layout_layer_cave, dreamdust_divine_triumvirate, old_standard_altar
D:5:      layout_gridville, mainiacjoe_overflow_24_doors,
          minmay_temple_entry_sparse_star, minivault_1
D:6:      layout_loops_cross, uniq_pikel
Temple:   nicolae_temple_x_marks_the_god

Notes
Turn   | Place    | Note
-------+----------+-------------------------------------------
     0 | D:1      | kae the Coglin Gladiator began the quest for the Orb.
     0 | D:1      | Reached XP level 1. HP: 16/16 MP: 1/1
     0 | D:1      | magus.rc [v1.11.3]
   205 | D:1      | HP: 2/16 [gnoll/+0 spear (4)]
   208 | D:1      | Reached XP level 2. HP: 4/22 MP: 2/2
   298 | D:1      | Reached skill level 4 in Long Blades
   576 | D:1      | Reached XP level 3. HP: 27/27 MP: 3/3
  1165 | D:2      | Reached XP level 4. HP: 18/33 MP: 4/4
  1233 | D:2      | Found a shimmering altar of Xom.
  1435 | D:2      | You pick up a book of Scorching and begin reading...
  1435 | D:2      | You add the spells Scorch, Flame Wave and Summon Cactus
                  | Giant to your library.
  1442 | D:2      | Identified the +2 rapier of Wrongful Imprisonment {vamp,
                  | rPois Will+}
  1515 | D:2      | Found a faded altar of an unknown god.
  1691 | D:3      | Reached skill level 5 in Long Blades
  1696 | D:2      | HP: 7/33 [orc/+0 trident (7)]
  1864 | D:3      | Found Uqidaoc's Distillery.
  1881 | D:3      | Bought a potion of heal wounds for 70 gold pieces
  1881 | D:3      | Bought a potion of degeneration for 14 gold pieces
  1888 | D:3      | Reached XP level 5. HP: 38/38 MP: 5/5
  2061 | D:3      | You pick up a book of Armaments and begin reading...
  2061 | D:3      | You add the spells Stone Arrow, Animate Armour and
                  | Lehudib's Crystal Spear to your library.
  2110 | D:3      | Found a runed translucent door.
  2111 | D:3      | Noticed Crazy Yiuf
  2308 | D:3      | Noticed Ijyb
  2317 | D:3      | Killed Ijyb
  2422 | D:3      | Killed Crazy Yiuf
  2423 | D:3      | Reached skill level 6 in Long Blades
  2614 | D:4      | Found a shimmering blue altar of Sif Muna.
  2633 | D:4      | You pick up a book of Spatial Translocations and begin
                  | reading...
  2633 | D:4      | You add the spells Blink, Momentum Strike and Lesser
                  | Beckoning to your library.
  2647 | D:4      | Reached XP level 6. HP: 44/44 MP: 6/6
  2691 | D:4      | Noticed a black bear
  2699 | D:4      | Killed a black bear
  2700 | D:4      | Reached skill level 7 in Long Blades
  3554 | D:4      | Found a white marble altar of Elyvilon.
  3554 | D:4      | Found a glowing silver altar of Zin.
  3556 | D:4      | Found a glowing golden altar of the Shining One.
  3704 | D:5      | Entered Level 5 of the Dungeon
  3743 | D:5      | Found a staircase to the Ecumenical Temple.
  3752 | Temple   | Entered the Ecumenical Temple
  3772 | D:5      | Noticed an ice beast
  3778 | D:5      | Killed an ice beast
  3779 | D:5      | Reached XP level 7. HP: 46/50 MP: 7/7
  3804 | D:5      | Reached skill level 8 in Long Blades
  3880 | D:5      | You pick up a book of Death and begin reading...
  3880 | D:5      | You add the spells Animate Dead, Haunt and Infestation to
                  | your library.
  3936 | D:5      | Found an opulent altar of Gozag.
  4069 | D:5      | You pick up a book of Touch and begin reading...
  4069 | D:5      | You add the spells Kiss of Death, Confusing Touch and
                  | Dispel Undead to your library.
  4151 | D:5      | Reached skill level 9 in Long Blades
  4539 | D:6      | Reached XP level 8. HP: 49/56 MP: 8/8
  4580 | D:6      | HP: 14/56 [orc priest/+0 short sword (4)]
  4583 | D:6      | HP: 4/56 [something (3)]
  4586 | D:6      | Killed from afar by an orc wizard

Vanquished Creatures
  A black bear (D:4)
  A sky beast (D:5)
  An ice beast (D:5)
  A kobold brigand (D:5)
  A scorpion (D:5)
  A hound (D:5)
  2 jellies (D:6)
  An orc priest (D:6)
  2 bombardier beetles
  Crazy Yiuf (D:3)
  Ijyb (D:3)
  A sleepcap (D:5)
  8 gnolls
  4 adders (D:4)
  2 ufetubi (D:6)
  5 ribbon worms
  5 dart slugs
  10 orcs
  9 endoplasms
  2 giant cockroaches (D:1)
  10 hobgoblins
  7 jackals
  10 kobolds
  3 quokkas
  2 ball pythons (D:1)
  5 bats
  2 frilled lizards (D:1)
  8 goblins
  2 rats
108 creatures vanquished.

Table legend:
 A = Non-vault XP
 B = Vault XP
 C = Vault XP percentage of total XP
 D = Non-vault monster count
 E = Vault monster count
 F = Vault count percentage of total count
                 A         B        C        D         E       F
            +---------+---------+-------+---------+---------+-------
      Total |    1238 |      78 |   5.9 |     106 |       2 |   1.9
            +---------+---------+-------+---------+---------+-------
        D:1 |      63 |       0 |   0.0 |      28 |       0 |   0.0
        D:2 |      48 |       0 |   0.0 |      16 |       0 |   0.0
        D:3 |      67 |      78 |  53.8 |      13 |       2 |  13.3
        D:4 |     266 |       0 |   0.0 |      21 |       0 |   0.0
        D:5 |     640 |       0 |   0.0 |      21 |       0 |   0.0
        D:6 |     154 |       0 |   0.0 |       7 |       0 |   0.0
            +---------+---------+-------+---------+---------+-------

Skill      XL: |  1  2  3  4  5  6  7 |
---------------+----------------------+-----
Long Blades    | 4 5 6 7 9 |  9.5
Fighting       | |  2.0
Throwing       | |  1.7
Dodging        | |  2.6

Action                     |  1- 3 |  4- 6 |  7- 9 || total
---------------------------+-------+-------+-------++-------
  Melee: Long sword        |    81 |   103 |    60 ||   244
         Dagger            |    72 |    12 |       ||    84
         Rapier            |       |    82 |    59 ||   141
    Use: Scroll            |     1 |    12 |       ||    13
   Stab: Sleeping          |     1 |     1 |       ||     2
 Armour: Leather armour    |    41 |    63 |    28 ||   132
  Dodge: Dodged            |    45 |    60 |    28 ||   133

Illustrated notes

Table legend:
 A = Kills in this place as a percentage of kills in the entire game.
 B = Kills by you in this place as a percentage of kills by you in the entire game.
 C = Kills by friends in this place as a percentage of kills by friends in the entire game.
 D = Other kills in this place as a percentage of other kills in the entire game.
 E = Experience gained in this place as a percentage of experience gained in the entire game.
 F = Experience gained in this place divided by the number of levels of this place that you have seen.
                   A       B       C       D       E      F
               +-------+-------+-------+-------+-------+----------------------
         Total | 100.0 | 100.0 |   N/A |   N/A | 100.0 | 188.0
       Dungeon | 100.0 | 100.0 |   N/A |   N/A | 100.0 | 219.3
               +-------+-------+-------+-------+-------+----------------------

Table legend: (Time is in decaauts)
 A = Elapsed time spent in this place.
 B = Non-inter-level travel time spent in this place.
 C = Inter-level travel time spent in this place.
 D = Time resting spent in this place.
 E = Time spent auto-exploring this place.
 F = Levels seen in this place.
 G = Mean time per level.
                   A        B        C        D        E       F      G
               +--------+--------+--------+--------+--------+-----+--------+
         Total |   4594 |   4392 |    202 |     89 |   3643 |   7 |  656.3 |
       Dungeon |   4592 |   4391 |    201 |     89 |   3643 |   6 |  765.3 |
        Temple |      1 |      0 |      1 |      0 |      0 |   1 |    1.0 |
               +--------+--------+--------+--------+--------+-----+--------+

Top non-repeatable levels by time:
     D:4: 1248 daAuts
     D:1: 1087 daAuts
     D:5: 741 daAuts
     D:3: 702 daAuts
     D:2: 697 daAuts
     D:6: 113 daAuts
  Temple: 1 daAuts
